 Dungeon Crawl Stone Soup version 0.21.1-1-g345015fe64 (webtiles) character file.

83 Lentor the Slasher (level 4, 0/41 HPs)
             Began as a Minotaur Berserker on June 21, 2018.
             Was a Believer of Trog.
             Slain by Grinder (1 damage)
             ... on level 3 of the Dungeon.
             The game lasted 00:02:44 (1328 turns).

Lentor the Slasher (Minotaur Berserker)             Turns: 1328, Time: 00:02:45

Health: 0/41       AC:  8    Str: 22    XL:     4   Next: 22%
Magic:  3/3        EV: 11    Int:  4    God:    Trog [**....]
Gold:   58         SH:  0    Dex: 10    Spells: 3/3 levels left

rFire    . . .     SeeInvis .   a - +0 falchion
rCold    . . .     Gourm    .   (no shield)
rNeg     . . .     Faith    .   f - +3 ring mail
rPois    .         Spirit   .   (helmet restricted)
rElec    .         Reflect  .   (no cloak)
rCorr    .         Harm     .   (no gloves)
MR       .....                  (no boots)
Stlth    ..........             (no amulet)
HPRegen  0.13/turn              (no ring)
MPRegen  0.08/turn              (no ring)

@: berserk cooldown, slowed, very slow
A: retaliatory headbutt, horns 2
a: Berserk, Trog's Hand, Burn Spellbooks, Renounce Religion


You were on level 3 of the Dungeon.
You worshipped Trog.
Trog was pleased with you.
You were near starving.

You visited 1 branch of the dungeon, and saw 3 of its levels.

You collected 58 gold pieces.

Inventory:

Hand Weapons
 a - a +0 falchion (weapon)
Armour
 f - a +3 ring mail (worn)
Scrolls
 b - 2 scrolls of noise {unknown}
 d - 2 scrolls of magic mapping {unknown}
 g - a scroll of remove curse {unknown}
 h - 2 scrolls of identify {unknown}
 i - 2 scrolls of blinking {unknown}
 j - 3 scrolls of immolation {unknown}
 k - a scroll of fog {unknown}
 m - a scroll of teleportation {unknown}
Potions
 e - a potion of agility {unknown}
 l - 2 potions of brilliance {unknown}
 n - 2 potions of invisibility {unknown}
Comestibles
 c - 5 rations


   Skills:
 + Level 4.4 Fighting
 + Level 4.7 Long Blades
 + Level 3.1 Armour
 + Level 2.8 Dodging


You had 3 spell levels left.
You didn't know any spells.

Dungeon Overview and Level Annotations

Branches:
Dungeon (3/15)

Altars:

Annotations:
D:3 Grinder


Innate Abilities, Weirdness & Mutations

You reflexively headbutt those who attack you in melee.
You have a pair of horns on your head.


Message History

Grinder is almost dead.
Grinder blinks!
Grinder blinks!
Grinder gestures at you. Pain shoots through your body!
* * * LOW HITPOINT WARNING * * *
You start resting.
Grinder hits you but does no damage.
You barely miss Grinder.
Grinder is almost dead.
Grinder hits you but does no damage.
Grinder says, "There's only one good use for a tongue: cutting it out."
Grinder hits you.
* * * LOW HITPOINT WARNING * * *
You writhe in agony.
* * * LOW HITPOINT WARNING * * *
You barely miss Grinder.
Grinder is almost dead.
Grinder barely misses you. Grinder hits you.
You die...

.# #.. ##.## ###..##
##...### .....
>...... ####..# ...
#. #....5## #.# #.
#5##...######.###.
#@#.............#.
###.#....######.#[#.
#.......## #<....
###.#.### ###.##
###.#.####### #.#
#>..........# #.#
#####.#####.# #.#
#.# .# #.# #.# .#
#.##


You could see Grinder.

Vanquished Creatures
  Robin (D:2)
  An adder (D:2)
  An ooze (D:1)
  2 worms (D:2)
  A dart slug (D:2)
  A leopard gecko (D:1)
  A ball python (D:2)
  2 bats
  A giant cockroach (D:1)
  13 goblins
  5 hobgoblins
  2 quokkas (D:2)
  2 frilled lizards (D:1)
  7 kobolds
  8 rats
48 creatures vanquished.

Notes
Turn   | Place    | Note
-------+----------+-------------------------------------------
     0 | D:1      | Lentor the Minotaur Berserker began the quest for the Orb.
     0 | D:1      | Reached XP level 1. HP: 19/19 MP: 0/0
   177 | D:1      | Reached XP level 2. HP: 27/27 MP: 1/1
   696 | D:1      | Reached ** piety under Trog
   696 | D:1      | Reached XP level 3. HP: 33/33 MP: 2/2
   756 | D:2      | Noticed Robin
   768 | D:2      | Killed Robin
  1069 | D:2      | Reached XP level 4. HP: 41/41 MP: 3/3
  1295 | D:3      | Noticed Grinder
  1298 | D:3      | Paralysed by Grinder for 2 turns
  1327 | D:3      | HP: 1/41 [Grinder (4)]
  1328 | D:3      | Slain by Grinder

Skill      XL: |  1  2  3 |
---------------+----------+-----
Long Blades    | 4 |  4.7
Fighting       | 4 |  4.4
Armour         | 3 |  3.1
Dodging        | |  2.8

Action                   |  1- 3 |  4- 6 || total
-------------------------+-------+-------++-------
Melee: Falchion          |    63 |    30 ||    93
       Headbutt          |    12 |    12 ||    24
Invok: Berserk           |     1 |     1 ||     2
  Eat: Chunk             |     1 |       ||     1
Armor: Ring mail         |    16 |    14 ||    30
Dodge: Dodged            |    48 |    19 ||    67
       Rpst.: Falchion   |    10 |     3 ||    13
